[Event "Team 45 45 League T86"]
[Site "Internet Chess Club"]
[Date "2020.11.01"]
[Round "5"]
[White "ascoli"]
[Black "LuFran"]
[Result "1/2-1/2"]
[WhiteElo "1654"]
[BlackElo "1784"]
[Opening "French: King's Indian attack"]
[ECO "C00"]
[Time "14:01:22"]
[TimeControl "2700+45"]

1. e4 e6 2. d3 d5 3. Nd2 Nf6 4. g3 Nc6 5. Bg2 Bc5 6. Ngf3 dxe4 7. dxe4 e5 8. O-O
O-O 9. Nc4 Qe7 10. Bg5 h6 11. Bxf6 Qxf6 12. c3 Be6 13. Qe2 Rad8 14. Rad1 a6 15.
Nh4 Rxd1 16. Rxd1 Bxc4 17. Qxc4 Qxf2+ 18. Kh1 Bb6 19. Ng6 Rd8 20. Rf1 Na5 21.
Ne7+ Kf8 22. Qb4 Qc5 23. Qxc5 Bxc5 24. Nd5 c6 25. b4 cxd5 26. exd5 Bxb4 27. cxb4
Nc4 28. Rc1 b5 29. Kg1 Ke7 30. Kf2 Kd6 31. Ke2 Rc8 32. Bf3 Nb6 33. Rc6+ Rxc6 34.
dxc6 f5 35. g4 fxg4 36. Be4 Nc8 37. Kf2 Ne7 38. Kg3 Nxc6 39. a3 a5 40. bxa5 Nxa5
41. Kxg4 Nc4 42. Kh5 Nxa3 43. Kg6 b4 44. Kxg7 b3 45. Kxh6 b2 46. Kg7 b1=Q 47.
Bxb1 Nxb1 48. h4 e4 49. h5 e3 50. h6 e2 51. h7 e1=Q 52. h8=Q {Game drawn by
mutual agreement} 1/2-1/2

[Event "Team 45 45 League T86"]
[Site "Internet Chess Club"]
[Date "2020.10.30"]
[Round "5"]
[White "julesraider"]
[Black "Gojira"]
[Result "0-1"]
[WhiteElo "1575"]
[BlackElo "1553"]
[Opening "QGD Slav: 5.e3 (Alekhine variation)"]
[ECO "D15"]
[Time "23:00:18"]
[TimeControl "2700+45"]

1. d4 d5 2. c4 c6 3. Nf3 Nf6 4. Nc3 dxc4 5. e3 Bf5 6. Bxc4 e6 7. Nh4 Bg4 8. Qb3
b5 9. Bd3 Bd6 10. h3 Bh5 11. g4 Bg6 12. Nxg6 hxg6 13. Be2 Qa5 14. O-O Rxh3 15.
Bd2 Qc7 16. Rac1 Qe7 17. Nxb5 Ne4 18. Nxd6+ Qxd6 19. f4 Nxd2 20. Qb7 Nxf1 21.
Bxf1 Rxe3 22. Bg2 Rg3 23. Kh1 Qxf4 24. Rxc6 Qh6+ 25. Kg1 Qe3+ 26. Kf1 Rf3+ 27.
Bxf3 Qxf3+ 28. Kg1 Qxc6 29. Qb3 Nd7 30. Qh3 Rc8 31. Qh8+ Ke7 32. Qh4+ Nf6 33.
Kf2 Qe4 34. d5 Rc2+ {White forfeits on time} 0-1

[Event "Team 45 45 League T86"]
[Site "Internet Chess Club"]
[Date "2020.11.01"]
[Round "5"]
[White "MartyJR"]
[Black "dabodhi"]
[Result "0-1"]
[WhiteElo "1423"]
[BlackElo "1341"]
[Opening "Queen's pawn: London system"]
[ECO "A45"]
[Time "15:11:10"]
[TimeControl "2700+45"]

1. d4 Nf6 2. Bf4 d5 3. e3 c5 4. c3 Nc6 5. Nf3 Qb6 6. Qb3 c4 7. Qxb6 axb6 8. Nbd2
Bf5 9. Be2 e6 10. O-O h6 11. h3 Be7 12. Ne5 O-O 13. f3 Nxe5 14. Bxe5 Bg6 15. e4
b5 16. exd5 Nxd5 17. Bd1 Bd3 18. Re1 Bg5 19. Nf1 b4 20. cxb4 Be7 21. Be2 Bxb4
22. Bxd3 Bxe1 23. Bxc4 Ba5 24. a3 Bb6 25. Rd1 Rfd8 26. Kh1 Ne7 27. Ne3 Nc6 28.
Bf4 Bxd4 29. Re1 Bxb2 30. Bc7 Rd7 31. Bb6 Rxa3 32. Rb1 Ra1 33. Rxa1 Bxa1 34. Bb5
Rd2 35. Nc4 Rd1+ 36. Kh2 Ne5 37. Be3 Nxc4 38. Bxc4 Be5+ 39. g3 Bd4 40. Bb3 Rd3
41. Bxd4 Rxd4 42. Kg2 b5 43. Kf2 Rd3 44. Bc2 Rd2+ {White resigns} 0-1

[Event "Team 45 45 League T86"]
[Site "Internet Chess Club"]
[Date "2020.10.31"]
[Round "5"]
[White "KidRattler"]
[Black "zugknightly"]
[Result "1-0"]
[WhiteElo "1747"]
[BlackElo "1834"]
[Opening "King's Indian: London system"]
[ECO "A45"]
[Time "08:42:43"]
[TimeControl "2700+45"]

1. d4 Nf6 2. Bf4 g6 3. Nf3 Bg7 4. h3 O-O 5. e3 d6 6. c3 Nbd7 7. Be2 Qe8 8. Nbd2
e5 9. dxe5 dxe5 10. Bh2 Qe7 11. Qc2 c6 12. O-O-O a5 13. Nc4 Ne8 14. g4 b5 15.
Rxd7 Bxd7 16. Ncxe5 b4 17. Rd1 Be6 18. Nxc6 Qc5 19. cxb4 Qxc2+ 20. Kxc2 axb4 21.
Nxb4 Nf6 22. a3 Rfc8+ 23. Kb1 Ne4 24. Ba6 Rd8 25. Rxd8+ Rxd8 26. Nd3 Bb3 27. Be5
Nxf2 28. Nxf2 Bxe5 29. Nxe5 Rd2 30. Ned3 f5 31. gxf5 gxf5 32. Bc8 Re2 33. Bxf5
Rxe3 34. Bg4 Kg7 35. Kc1 Rg3 36. Kd2 Bc4 37. Ne5 Bb5 38. Nf3 Bc6 39. Nd4 Bd5 40.
Nf5+ {Black resigns} 1-0

[Event "Team 45 45 League T86"]
[Site "Internet Chess Club"]
[Date "2020.10.30"]
[Round "5"]
[White "Denis240964"]
[Black "ivanson"]
[Result "0-1"]
[WhiteElo "1439"]
[BlackElo "1633"]
[Opening "Two knights defense"]
[ECO "C59"]
[Time "14:00:17"]
[TimeControl "2700+45"]

1. e4 e5 2. Nf3 Nc6 3. Bc4 Nf6 4. Ng5 d5 5. exd5 Na5 6. Bb5+ c6 7. dxc6 bxc6 8.
Be2 h6 9. Nf3 e4 10. Ne5 Bc5 11. O-O Qd6 12. Ng4 Bxg4 13. Bxg4 h5 14. Be2 Ng4
15. Bxg4 hxg4 16. g3 Qg6 17. c3 Bb6 18. d3 O-O-O 19. d4 Rxh2 20. Bg5 Qxg5 {White
resigns} 0-1

[Event "Team 45 45 League T86"]
[Site "Internet Chess Club"]
[Date "2020.11.02"]
[Round "5"]
[White "Validus"]
[Black "DaveTheRook"]
[Result "1/2-1/2"]
[WhiteElo "1438"]
[BlackElo "1528"]
[Opening "Queen's pawn: London system"]
[ECO "A45"]
[Time "18:40:20"]
[TimeControl "2700+45"]

1. d4 Nf6 2. Bf4 d6 3. e3 g6 4. Nf3 Bg7 5. c3 O-O 6. Nbd2 Nbd7 7. Bd3 Re8 8. Qc2
a6 9. h4 e5 10. Bg5 h6 11. Bxg6 hxg5 12. hxg5 fxg6 13. Qxg6 Nf8 14. Qc2 Bg4 15.
gxf6 Qxf6 16. O-O-O exd4 17. cxd4 c5 18. Ne4 Qg6 19. Nfg5 Bxd1 20. Qc4+ Re6 21.
Kxd1 Qf5 22. Nxe6 Qxe6 23. Qxe6+ Nxe6 24. dxc5 dxc5 25. b3 Rd8+ 26. Kc2 b6 27.
a4 Kf7 28. g4 Ke7 29. f4 Rh8 30. Rxh8 Bxh8 31. Kd3 Bb2 32. f5 Ng7 33. Kc4 Bf6
34. Kd5 Bb2 35. Kc6 Ne8 36. Kxb6 Nf6 37. Nxf6 Kxf6 38. Kxc5 Kg5 39. Kd5 Kxg4 40.
e4 a5 41. Kc5 Kf4 42. Kb5 Bc3 43. f6 Bxf6 44. Kxa5 Kxe4 45. b4 Bc3 46. Kb5 Kd5
47. a5 Kd6 48. a6 Kc7 49. Kc5 Bxb4+ 50. Kxb4 Kb6 51. a7 Kxa7 {Game drawn because
neither player has mating material} 1/2-1/2

[Event "Team 45 45 League T86"]
[Site "Internet Chess Club"]
[Date "2020.11.01"]
[Round "5"]
[White "Megasus"]
[Black "bardu"]
[Result "1-0"]
[WhiteElo "1439"]
[BlackElo "1360"]
[Opening "Queen's pawn: Yusupov-Rubinstein system"]
[ECO "A46"]
[Time "22:16:54"]
[TimeControl "2700+45"]

1. Nf3 Nf6 2. d4 e6 3. e3 c5 4. c3 b6 5. h3 Bb7 6. Nbd2 Be7 7. Qc2 Nc6 8. a3 a6
9. Nc4 b5 10. Nce5 cxd4 11. exd4 d6 12. Nxc6 Bxc6 13. Be2 Ne4 14. O-O Bg5 15. c4
bxc4 16. Bxc4 d5 17. Be2 Bxc1 18. Raxc1 Bd7 19. b4 Rc8 20. Qb2 a5 21. b5 O-O 22.
a4 Re8 23. Ne5 Rb8 24. Nc6 Bxc6 25. Rxc6 Nd6 26. Rfc1 Rb6 27. Qc2 Rxc6 28. bxc6
Qb6 29. Qc5 Qc7 30. Rb1 Ne4 31. Qb6 Qf4 32. f3 Qe3+ 33. Kh2 Nc3 34. Qb8 Kf8 35.
Qd6+ Kg8 36. Rb8 {Black resigns} 1-0

[Event "Team 45 45 League T86"]
[Site "Internet Chess Club"]
[Date "2020.10.31"]
[Round "5"]
[White "rookmaster23"]
[Black "WillC"]
[Result "1-0"]
[WhiteElo "1706"]
[BlackElo "1580"]
[Opening "Scandinavian: Marshall variation"]
[ECO "B01"]
[Time "15:02:12"]
[TimeControl "2700+45"]

1. e4 d5 2. exd5 Nf6 3. d4 Nxd5 4. c4 Nf6 5. Nf3 Bg4 6. Be2 e6 7. Nc3 Be7 8. h3
Bh5 9. O-O O-O 10. Bf4 c5 11. d5 exd5 12. cxd5 Bd6 13. Bxd6 Qxd6 14. Qb3 b6 15.
Rad1 a6 16. Rfe1 Nbd7 17. Nh4 Bxe2 18. Rxe2 g6 19. Nf3 Rfe8 20. Rde1 Rxe2 21.
Rxe2 Re8 22. Rxe8+ Nxe8 23. Nd2 b5 24. Nde4 Qe5 25. a3 Nc7 26. f3 c4 27. Qd1 Ne8
28. Qd2 Kg7 29. f4 Qc7 30. g4 Kg8 31. f5 Qe5 32. fxg6 hxg6 33. Qf2 Nef6 34.
Nxf6+ Nxf6 35. Qd2 Qg3+ 36. Qg2 Qe3+ 37. Qf2 Qe7 38. Qd4 Qd6 39. Kg2 Nd7 40. Ne4
Qe5 41. Qxe5 Nxe5 42. Nf6+ Kf8 43. d6 a5 44. Kg3 b4 45. axb4 axb4 46. Nd5 b3 47.
Kf4 Nd7 48. Ke4 Ke8 49. Kd4 c3 50. Kxc3 Nc5 51. Nf6+ Kd8 52. Kc4 Nb7 53. Kd5 Na5
54. h4 Nb7 55. h5 {Black resigns} 1-0

[Event "Team 45 45 League T86"]
[Site "Internet Chess Club"]
[Date "2020.10.31"]
[Round "5"]
[White "RD1974"]
[Black "sburreus09"]
[Result "1-0"]
[WhiteElo "1557"]
[BlackElo "1498"]
[Opening "Réti: Wade defense"]
[ECO "B07"]
[Time "11:00:15"]
[TimeControl "2700+45"]

1. e4 d6 2. Nf3 Bg4 3. Be2 Nd7 4. h3 Bh5 5. d4 c6 6. Be3 Ngf6 7. Nbd2 Qc7 8. c4
e5 9. Rc1 Rc8 10. g4 Bg6 11. Bd3 exd4 12. Bxd4 Ne5 13. Nxe5 dxe5 14. Be3 Bb4 15.
Qc2 a5 16. a3 Be7 17. c5 O-O 18. Nc4 Rcd8 19. f3 Nd7 20. h4 f6 21. b4 axb4 22.
axb4 Ra8 23. Nd6 Bxd6 24. cxd6 Qd8 25. Bc4+ Kh8 26. Qb3 h5 27. Be6 hxg4 28. h5
Bh7 29. h6 g6 30. fxg4 f5 31. exf5 gxf5 32. gxf5 Bxf5 33. Rh5 Bg6 34. Rg5 Kh7
35. Ke2 Rf6 36. Rcg1 Nf8 37. Bf5 Qxd6 38. Rxg6 Nxg6 39. Bxg6+ Rxg6 40. Qf7+ Kh8
41. Rxg6 Ra2+ 42. Kf3 e4+ 43. Kxe4 Qxb4+ 44. Bd4+ {Black resigns} 1-0

[Event "Team 45 45 League T86"]
[Site "Internet Chess Club"]
[Date "2020.10.31"]
[Round "5"]
[White "tryanything"]
[Black "Rybo88"]
[Result "1-0"]
[WhiteElo "1534"]
[BlackElo "1433"]
[Opening "French: Two knights variation"]
[ECO "C00"]
[Time "19:00:20"]
[TimeControl "2700+45"]

1. e4 e6 2. Nf3 d5 3. Nc3 Nf6 4. e5 Nfd7 5. d4 c5 6. Bg5 Be7 7. Bxe7 Qxe7 8. Nb5
Na6 9. Nd6+ Kf8 10. c3 h6 11. Bd3 g6 12. h4 c4 13. Bc2 Nb6 14. Qd2 Rb8 15. Qf4
Bd7 16. b3 Kg7 17. g4 Nc7 18. Kd2 Nb5 19. g5 h5 20. Qf6+ Qxf6 21. exf6+ Kg8 22.
Nxb5 Bxb5 23. a4 cxb3 24. axb5 bxc2 25. Ne5 Ra8 26. Ra2 Kf8 27. Rha1 Nc8 28.
Kxc2 Ke8 29. Kb3 Rh7 30. Kb4 Kd8 31. Nd3 Kc7 32. Ne5 Kb6 33. c4 dxc4 34. Nxc4+
Kc7 35. Kc5 b6+ 36. Kb4 Rh8 37. Ne5 Rf8 38. Rc1+ Kb7 39. Rac2 a5+ 40. Ka4 Rd8
41. Rc7+ {Black resigns} 1-0

[Event "Team 45 45 League T86"]
[Site "Internet Chess Club"]
[Date "2020.11.01"]
[Round "5"]
[White "sdcohle"]
[Black "clarinetref"]
[Result "0-1"]
[WhiteElo "1356"]
[BlackElo "1406"]
[Opening "Robatsch defense: Geller's system"]
[ECO "B06"]
[Time "19:01:58"]
[TimeControl "2700+45"]

1. e4 g6 2. d4 Bg7 3. Nf3 d6 4. c3 Nd7 5. Be3 c5 6. Bd3 cxd4 7. cxd4 Ngf6 8. O-O
O-O 9. h3 e5 10. Nc3 a6 11. a4 b6 12. Qd2 exd4 13. Nxd4 Nc5 14. Bc2 Re8 15. f3
d5 16. b4 Ne6 17. e5 Nxd4 18. Bxd4 Nd7 19. f4 Nb8 20. Bb3 Be6 21. Qe3 Nc6 22.
Bxb6 d4 23. Bxd8 dxe3 24. Bxe6 Raxd8 25. Bg4 Nxb4 26. Be2 Rd2 27. Rab1 Bf8 28.
Rfd1 Red8 29. Kf1 Bc5 30. Rxd2 exd2 31. Rd1 Nc2 32. Bxa6 Ne3+ 33. Ke2 Nxd1 34.
Nxd1 Bb4 35. Bd3 Ba5 36. Ne3 Rd4 37. g3 Rxa4 38. Nc2 Ra2 39. Kd1 Kf8 40. Ke2 Ke7
41. h4 Rb2 42. Ne3 d1=Q+ 43. Kxd1 Rd2+ 44. Kc1 Rxd3 45. Nc2 Rxg3 {White resigns}
0-1

[Event "Team 45 45 League T86"]
[Site "Internet Chess Club"]
[Date "2020.10.31"]
[Round "5"]
[White "Draconian"]
[Black "bobhill"]
[Result "0-1"]
[WhiteElo "1749"]
[BlackElo "1943"]
[Opening "Sicilian: dragon, Yugoslav attack, 10.O-O-O"]
[ECO "B78"]
[Time "10:01:50"]
[TimeControl "2700+45"]

1. e4 c5 2. Nf3 d6 3. d4 cxd4 4. Nxd4 Nf6 5. Nc3 g6 6. Be3 Bg7 7. Bc4 O-O 8. f3
Nc6 9. Qd2 Bd7 10. O-O-O Qa5 11. Kb1 Rfc8 12. Bb3 Ne5 13. Bh6 Nc4 14. Bxc4 Rxc4
15. Bxg7 Kxg7 16. Nb3 Qc7 17. h4 a5 18. h5 Be6 19. Nb5 Qc8 20. hxg6 fxg6 21.
Qh6+ Kg8 22. N3d4 Bf7 23. f4 Qf8 24. Qxf8+ Rxf8 25. e5 dxe5 26. fxe5 Ng4 27. e6
Be8 28. Rhf1 Rxf1 29. Rxf1 Ne3 30. Rf2 Bxb5 31. Nxb5 Re4 32. Re2 Rxe6 33. Nc7
Rd6 34. b3 Rd7 35. Rxe3 Rxc7 36. Re5 b6 37. Re6 Rb7 38. Kb2 Kf7 39. Rc6 h5 40.
Kc3 e6 41. Kd4 Kf6 42. Ke4 Rb8 43. c4 g5 44. a4 h4 45. Rc7 Rh8 46. Rb7 h3 47.
gxh3 Rh4+ 48. Kd3 Rxh3+ 49. Kc2 g4 50. Rxb6 g3 51. Rb8 Ke5 52. b4 axb4 53. a5
Kd4 54. a6 g2 55. Rg8 Ra3 56. Rxg2 Ra2+ 57. Kb3 Rxg2 58. Kxb4 Rb2+ 59. Ka5 Kc5
60. Ka4 Ra2+ 61. Kb3 Rxa6 62. Kc3 Ra3+ 63. Kb2 Rh3 64. Kc2 Kxc4 65. Kd2 e5 66.
Ke2 Kd4 67. Kf2 Ke4 68. Kg2 Ra3 69. Kf2 Rb3 70. Ke1 Rb2 71. Kd1 Ke3 72. Kc1 Rh2
73. Kd1 Rg2 74. Kc1 Kd3 75. Kb1 Kc3 76. Ka1 Kb3 77. Kb1 Rg1# {White checkmated}
0-1

[Event "Team 45 45 League T86"]
[Site "Internet Chess Club"]
[Date "2020.10.31"]
[Round "5"]
[White "CPTsopiens"]
[Black "BrianWood"]
[Result "1/2-1/2"]
[WhiteElo "1808"]
[BlackElo "1656"]
[Opening "Sicilian: Kan, 5.Bd3"]
[ECO "B42"]
[Time "15:30:40"]
[TimeControl "2700+45"]

1. e4 c5 2. Nf3 e6 3. d4 cxd4 4. Nxd4 a6 5. Bd3 Nf6 6. c4 Nc6 7. Nxc6 dxc6 8.
O-O e5 9. b3 Bc5 10. Bb2 Bd4 11. Nc3 O-O 12. Qc2 Nh5 13. Rad1 Nf4 14. Be2 Qg5
15. g3 Bh3 16. Rfe1 Nxe2+ 17. Nxe2 {Game drawn by mutual agreement} 1/2-1/2

[Event "Team 45 45 League T86"]
[Site "Internet Chess Club"]
[Date "2020.10.31"]
[Round "5"]
[White "Kingofknights"]
[Black "fvafier"]
[Result "1-0"]
[WhiteElo "1567"]
[BlackElo "1556"]
[Opening "King's Indian: Sämisch, 5...O-O"]
[ECO "E81"]
[Time "11:00:18"]
[TimeControl "2700+45"]

1. d4 Nf6 2. c4 g6 3. f3 Bg7 4. e4 d6 5. Nc3 O-O 6. Bg5 c5 7. d5 e6 8. Qd2 Bd7
9. Bd3 Qa5 10. Nge2 Na6 11. g4 Nc7 12. h4 h5 13. gxh5 Nxh5 14. Be7 Rfe8 15. Bxd6
exd5 16. cxd5 Na6 17. Ng3 Qb6 18. Nxh5 Qxd6 19. Nxg7 Kxg7 20. O-O-O Qf6 21. f4
Nb4 22. Bb1 Rh8 23. a3 Na6 24. e5 Qd8 25. h5 Bg4 26. h6+ Rxh6 27. Rxh6 Kxh6 28.
f5+ Kh7 29. fxg6+ fxg6 30. Rh1+ Kg7 31. Qh6+ {Black resigns} 1-0

[Event "Team 45 45 League T86"]
[Site "Internet Chess Club"]
[Date "2020.11.02"]
[Round "5"]
[White "timothysmall56"]
[Black "cap78red"]
[Result "0-1"]
[WhiteElo "1676"]
[BlackElo "1461"]
[Opening "Pirc: Holmov system"]
[ECO "B07"]
[Time "15:20:36"]
[TimeControl "2700+45"]

1. e4 d6 2. d4 Nf6 3. Nc3 g6 4. Bc4 Bg7 5. Bg5 O-O 6. Nge2 Nxe4 7. Nxe4 d5 8.
Bd3 dxe4 9. Bxe4 Nc6 10. c3 h6 11. Bf4 e5 12. dxe5 Nxe5 13. O-O Bg4 14. f3 Be6
15. b3 c6 16. Nd4 Bd5 17. Bc2 Qb6 18. Qd2 g5 19. Bxe5 Bxe5 20. Qd3 f5 21. Kh1
Bxd4 22. cxd4 Qc7 23. Rae1 Qd7 24. Re5 Be6 25. Rfe1 Rae8 26. Qe2 Bf7 27. Bxf5
Qxd4 28. Be6 Qxe5 29. Bxf7+ Kxf7 30. Qc4+ Qd5 {White resigns} 0-1

[Event "Team 45 45 League T86"]
[Site "Internet Chess Club"]
[Date "2020.10.30"]
[Round "5"]
[White "cadmiumorange"]
[Black "LookImYourVader"]
[Result "1/2-1/2"]
[WhiteElo "1775"]
[BlackElo "1773"]
[Opening "Scandinavian: Marshall variation"]
[ECO "B01"]
[Time "15:03:33"]
[TimeControl "2700+45"]

1. e4 d5 2. exd5 Nf6 3. d4 Nxd5 4. c4 Nb6 5. Nc3 e5 6. dxe5 Qxd1+ 7. Nxd1 Nc6 8.
f4 Be6 9. Ne3 Bc5 10. f5 Bxe3 11. fxe6 Bxc1 12. exf7+ Kxf7 13. Rxc1 Nxe5 14. Be2
{Game drawn by mutual agreement} 1/2-1/2

[Event "Team 45 45 League T86"]
[Site "Internet Chess Club"]
[Date "2020.10.30"]
[Round "5"]
[White "rookmaster23"]
[Black "Packerfan"]
[Result "1/2-1/2"]
[WhiteElo "1695"]
[BlackElo "1803"]
[Opening "Ruy Lopez: Schliemann defense, Berger variation"]
[ECO "C63"]
[Time "14:30:17"]
[TimeControl "2700+45"]

1. e4 e5 2. Nf3 Nc6 3. Bb5 f5 4. Nc3 fxe4 5. Nxe4 Nf6 6. Nxf6+ Qxf6 7. Qe2 Be7
8. Bxc6 bxc6 9. Nxe5 O-O 10. O-O d5 11. Nxc6 Bd6 12. Na5 Qg6 13. Qd3 Qxd3 14.
cxd3 Ba6 15. Nb3 Rae8 16. Rd1 Bxd3 17. Nd4 c5 18. Nf3 Be2 19. Re1 Bxf3 20. Rxe8
Rxe8 21. gxf3 Re1+ 22. Kg2 Bf4 23. b3 Bxd2 24. Bb2 d4 25. Rxe1 Bxe1 26. Kf1 Ba5
27. Ke2 Kf7 28. Kd3 Ke6 29. Kc4 Be1 30. Ba3 Bxf2 31. Bxc5 d3 32. Bb4 Kf5 33.
Kxd3 Bg1 34. Bd6 Kg5 35. Bg3 h5 36. h4+ Kf5 37. Kc4 g5 38. a4 gxh4 39. Bxh4 Kf4
40. a5 Kxf3 41. b4 Kg4 42. Bd8 h4 43. Bxh4 Kxh4 44. Kb5 Kg4 45. Ka6 {Game drawn
by mutual agreement} 1/2-1/2

[Event "Team 45 45 League T86"]
[Site "Internet Chess Club"]
[Date "2020.11.02"]
[Round "5"]
[White "cayo89"]
[Black "WillC"]
[Result "1/2-1/2"]
[WhiteElo "1570"]
[BlackElo "1579"]
[Opening "Queen's pawn: London system"]
[ECO "A45"]
[Time "19:12:15"]
[TimeControl "2700+45"]

1. d4 Nf6 2. Bf4 g6 3. Nc3 Bg7 4. e4 d6 5. Be2 O-O 6. h4 h5 7. Qd2 Nbd7 8. Nf3
Re8 9. e5 dxe5 10. dxe5 Ng4 11. e6 Nb6 12. exf7+ Kxf7 13. Ng5+ Kg8 14. Qxd8 Rxd8
15. Bxc7 Bxc3+ 16. bxc3 Rf8 17. Bxb6 axb6 18. O-O Bf5 19. Bd3 Rac8 20. c4 Ne5
21. Rab1 Nxd3 22. cxd3 Bxd3 23. Rxb6 Bxf1 24. Kxf1 Rf6 25. Rxb7 Rxc4 26. g3 e5
27. Rb8+ Rf8 28. Rb6 Rc2 29. Rxg6+ Kh8 30. Ne4 Kh7 31. Rg5 Kh6 32. Rxe5 Rxa2 33.
Re6+ Kg7 34. Re5 Kg6 35. Kg2 Re2 36. Kf1 Rfxf2+ 37. Nxf2 Rxe5 38. Kg2 Kf5 39.
Kf3 Rb5 40. Kg2 Rb2 41. Kf3 Rb3+ 42. Kg2 Rb2 43. Kf3 Rb3+ 44. Kg2 Rb2 45. Kf3
{Game drawn by repetition} 1/2-1/2

[Event "Team 45 45 League T86"]
[Site "Internet Chess Club"]
[Date "2020.11.01"]
[Round "5"]
[White "Rookmaster"]
[Black "Snuffleupegus"]
[Result "1-0"]
[WhiteElo "1600"]
[BlackElo "1458"]
[Opening "Pirc: Austrian attack"]
[ECO "B09"]
[Time "22:02:03"]
[TimeControl "2700+45"]

1. e4 d6 2. d4 Nf6 3. Nc3 g6 4. f4 Bg7 5. Nf3 Nc6 6. Bb5 O-O 7. Bxc6 bxc6 8. Be3
Nh5 9. Qd2 e5 10. fxe5 dxe5 11. d5 cxd5 12. Qxd5 Ba6 13. O-O-O Qe7 14. Bc5
{Black resigns} 1-0

[Event "Team 45 45 League T86"]
[Site "Internet Chess Club"]
[Date "2020.10.30"]
[Round "5"]
[White "KidRattler"]
[Black "Chess4Him"]
[Result "1-0"]
[WhiteElo "1725"]
[BlackElo "1521"]
[Opening "Queen's bishop game"]
[ECO "D00"]
[Time "21:00:21"]
[TimeControl "2700+45"]

1. d4 d5 2. Bf4 Nf6 3. Nf3 c5 4. c3 Qb6 5. Qc2 Nc6 6. e3 Bf5 7. Qb3 c4 8. Qxb6
axb6 9. Nbd2 e6 10. Be2 b5 11. O-O b4 12. Nh4 bxc3 13. bxc3 Be7 14. Nxf5 exf5
15. Rfb1 Na5 16. Bc7 O-O 17. Bxa5 Rxa5 18. Rxb7 Bd6 19. g3 Rfa8 20. Rb2 Ra3 21.
Nb1 R3a5 22. Bf3 g5 23. Nd2 Ne4 24. Nxe4 fxe4 25. Bh5 R8a7 26. Kg2 Kg7 27. Bd1
Ba3 28. Rb6 R7a6 29. Rxa6 Rxa6 30. Rb1 Ra5 31. f3 f5 32. fxe4 fxe4 33. Bh5 Kh6
34. Be8 g4 35. Bc6 Be7 36. a4 Bg5 37. Rb6 Kg7 38. Kf2 Bd8 39. Rb5 Rxb5 40. axb5
Ba5 41. Bxd5 Bxc3 42. Bxe4 Ba5 43. Ke2 h5 44. Bd5 c3 45. Kd3 Kf6 46. e4 Kg5 47.
e5 h4 48. Be6 hxg3 49. hxg3 c2 50. Kxc2 Be1 51. b6 Bxg3 52. b7 {Black resigns}
1-0

[Event "Team 45 45 League T86"]
[Site "Internet Chess Club"]
[Date "2020.10.29"]
[Round "5"]
[White "BrerRabbit"]
[Black "Pawnchain"]
[Result "0-1"]
[WhiteElo "1411"]
[BlackElo "1449"]
[Opening "Queen's pawn game, Chigorin variation"]
[ECO "D02"]
[Time "15:00:43"]
[TimeControl "2700+45"]

1. d4 d5 2. Nf3 Nc6 3. g3 Bg4 4. Bg2 Nf6 5. O-O e6 6. b3 Be7 7. Bb2 O-O 8. c4
Bxf3 9. Bxf3 Ne4 10. Nc3 Nxc3 11. Bxc3 Bf6 12. Rc1 Qe7 13. Qd2 Rad8 14. cxd5
exd5 15. Rc2 Rfe8 16. e3 Qe6 17. Rfc1 Ne7 18. Bb2 c6 19. b4 Bg5 20. a4 Qf5 21.
Bg2 Qg6 22. b5 Rd6 23. Ba3 Re6 24. bxc6 bxc6 25. Rc5 Nf5 26. Bb2 Nxe3 27. Qc3
Nc4 28. Rc2 Re1+ 29. Bf1 Qe4 30. Bc1 Rxf1+ 31. Kxf1 Qh1# {White checkmated} 0-1

[Event "Team 45 45 League T86"]
[Site "Internet Chess Club"]
[Date "2020.10.30"]
[Round "5"]
[White "bardu"]
[Black "dpmdpm"]
[Result "1-0"]
[WhiteElo "1374"]
[BlackElo "1503"]
[Opening "King's Indian: orthodox variation"]
[ECO "E94"]
[Time "15:17:52"]
[TimeControl "2700+45"]

1. d4 Nf6 2. c4 g6 3. Nc3 Bg7 4. e4 d6 5. Nf3 O-O 6. Be2 e5 7. O-O exd4 8. Nxd4
Bd7 9. Bg5 h6 10. Be3 Nc6 11. Qd2 Kh7 12. Nf3 Re8 13. Bd3 Nb4 14. a3 Nxd3 15.
Qxd3 Qe7 16. Nd2 Bc6 17. f3 a6 18. Bd4 Nh5 19. Bxg7 Nxg7 20. f4 f5 21. exf5 Nxf5
22. Rae1 Qf7 23. Ne2 Ne3 24. Rf2 Qf5 25. Qxf5 gxf5 26. Nd4 Ng4 27. Rfe2 Rxe2 28.
Rxe2 Be4 29. Nxe4 fxe4 30. Rxe4 Kg6 31. h3 Nf6 32. Re6 Rf8 33. g4 Kf7 34. f5 c5
35. Nf3 Ne8 36. Rxh6 {Black resigns} 1-0

[Event "Team 45 45 League T86"]
[Site "Internet Chess Club"]
[Date "2020.10.31"]
[Round "5"]
[White "stantheman59"]
[Black "Kidpython"]
[Result "1-0"]
[WhiteElo "1255"]
[BlackElo "1134"]
[Opening "Dutch defense"]
[ECO "A84"]
[Time "10:00:54"]
[TimeControl "2700+45"]

1. d4 f5 2. c4 e6 3. Nf3 b6 4. Nc3 Nf6 5. Bg5 Bd6 6. g3 h6 7. Bd2 Bb7 8. Bg2 Ne4
9. Nxe4 Bxe4 10. O-O Nc6 11. Rc1 Bxf3 12. Bxf3 Qe7 13. a3 Rb8 14. d5 exd5 15.
cxd5 Nd4 16. Re1 O-O 17. Bxh6 Qf6 18. Be3 Nxf3+ 19. exf3 Qxb2 20. a4 f4 21. Bd4
Qb4 22. g4 b5 23. Bc3 Qxa4 24. Qxa4 bxa4 25. Bd4 a3 26. Bc5 Rb5 27. Bxd6 cxd6
28. Rc7 Rb2 29. Rxa7 Rd2 30. Rxa3 Rxd5 31. Re7 Rf7 32. Re8+ Kh7 33. h3 Rd1+ 34.
Kh2 Rf6 35. g5 Re6 36. Rxe6 dxe6 37. h4 Kg6 38. Ra8 d5 39. Ra6 Kf5 40. Ra7 g6
41. Rf7+ Ke5 42. Rf6 d4 43. Rxg6 d3 44. h5 Rc1 45. h6 d2 46. h7 Rc8 47. Rg8 Rxg8
48. hxg8=Q d1=Q 49. Qh8+ Kd5 50. Qd8+ Kc5 51. Qxd1 e5 52. g6 e4 53. g7 exf3 54.
g8=Q Kb6 55. Qgb3+ Ka5 56. Qa1# {Black checkmated} 1-0

[Event "Team 45 45 League T86"]
[Site "Internet Chess Club"]
[Date "2020.10.30"]
[Round "5"]
[White "ascoli"]
[Black "VictorRed"]
[Result "0-1"]
[WhiteElo "1648"]
[BlackElo "1620"]
[Opening "Réti: King's Indian attack, French variation"]
[ECO "B40"]
[Time "00:00:47"]
[TimeControl "2700+45"]

1. e4 c5 2. Nf3 e6 3. d3 Nc6 4. g3 d5 5. Nbd2 Nf6 6. Bg2 Be7 7. O-O O-O 8. Re1
d4 9. e5 Nd7 10. h4 Qc7 11. Qe2 Nb4 12. Nf1 Rb8 13. Bf4 b6 14. N1h2 Bb7 15. Ng4
Nd5 16. Nd2 Nxf4 17. gxf4 Bxg2 18. Kxg2 Bxh4 19. Rh1 Be7 20. Rh3 Qc6+ 21. Kg3 f5
22. Nh6+ gxh6 23. Qh5 Rf7 24. Qxh6 Rg7+ 25. Kh2 Qg2# {White checkmated} 0-1

[Event "Team 45 45 League T86"]
[Site "Internet Chess Club"]
[Date "2020.10.30"]
[Round "5"]
[White "Balderdash"]
[Black "dabodhi"]
[Result "1-0"]
[WhiteElo "1205"]
[BlackElo "1319"]
[Opening "Queen's pawn game"]
[ECO "D00"]
[Time "20:01:00"]
[TimeControl "2700+45"]

1. d4 Nf6 2. Nc3 d5 3. Bf4 c6 4. Nf3 e6 5. Ne5 Nbd7 6. a3 Nxe5 7. Bxe5 Bd6 8. f3
O-O 9. e4 Bxe5 10. dxe5 Nd7 11. f4 f6 12. exf6 Rxf6 13. Qg4 Nc5 14. e5 Rg6 15.
Qf3 Qb6 16. b4 Ne4 17. Nxe4 dxe4 18. Qxe4 Bd7 19. Bd3 Rf8 20. Qf3 Qd4 21. Rd1
Qc3+ 22. Rd2 Rh6 23. Bxh7+ Kxh7 24. Qxc3 Be8 25. Qe3 a6 26. h3 {Black resigns}
1-0